 Dungeon Crawl Stone Soup version 0.18-a0-921-g28655ce (webtiles) character file.

17424 JokEr the Warrior (level 12, -20/87 HPs)
             Began as a Gargoyle Monk on Dec 27, 2015.
             Was the Champion of Cheibriados.
             Hit by a large rock thrown by a cyclops (34 damage)
             ... on level 12 of the Dungeon.
             The game lasted 00:43:35 (14446 turns).

JokEr the Warrior (Gargoyle Monk)                  Turns: 14446, Time: 00:43:35

Health: -20/87     AC: 25    Str: 35    XL:     12   Next: 47%
Magic:  12/12      EV: 12    Int: 27    God:    Cheibriados [******]
Gold:   698        SH:  0    Dex: 28    Spells: 0 memorised, 11 levels left

rFire  + . .     SeeInvis .       - Unarmed
rCold  + . .     Gourm    .     t - +0 plate armour
rNeg   + . .     Faith    .     (no shield)
rPois  ∞         Spirit   .     f - +2 helmet
rElec  +         Dismiss  .     z - +2 cloak {MR+}
rCorr  +         Reflect  .     (no gloves)
SustAt .         Harm     .     l - +0 pair of boots
MR     +....                    (no amulet)
Stlth  ..........               p - +2 ring of strength
                                A - +2 ring of evasion

@: resistant, very slow, somewhat resistant to hostile enchantments, extremely
unstealthy
A: negative energy resistance 1, electricity resistance, unbreathing,
petrification resistance, rot immunity, AC +8
a: Bend Time, Temporal Distortion, Slouch, Step From Time, Renounce Religion


You were on level 12 of the Dungeon.
You worshipped Cheibriados.
Cheibriados was exalted by your worship.
You were not hungry.

You visited 2 branches of the dungeon, and saw 13 of its levels.

You collected 698 gold pieces.

Inventory:

Missiles
 L - a throwing net (quivered)
Armour
 f - a +2 helmet (worn)
 l - a +0 pair of boots (worn)
 t - a +0 plate armour (worn)
 z - a +2 cloak of magic resistance (worn)
Jewellery
 i - an uncursed ring of protection from magic
 p - a +2 ring of strength (right hand)
 A - a +2 ring of evasion (left hand)
Wands
 c - a wand of digging (5/24)
 h - a wand of heal wounds (4/9)
 D - a wand of digging (9/24)
 E - a wand of digging (14/24)
Scrolls
 a - 2 scrolls of enchant armour
 d - a scroll of recharging
 g - 4 scrolls of magic mapping
 k - a scroll of remove curse
 y - 4 scrolls of amnesia
 C - 2 scrolls of enchant weapon
Potions
 j - 2 potions of resistance
 n - a potion of brilliance
 I - a potion of ambrosia {unknown}
 J - a potion of flight {unknown}
Books
 e - the Guide on the Compass
   (You found it on level 11 of the Dungeon)

   Spells                             Type                      Level
   a - Apportation                    Translocation                1
   b - Gell's Gravitas                Hexes/Translocation          3
   c - Recall                         Summoning/Translocation      3
   d - Force Lance                    Conjuration/Translocation    4
Comestibles
 b - 7 bread rations
 q - 7 meat rations
 B - 6 fruits
 M - 6 beef jerkies


   Skills:
 + Level 15.1 Fighting
 - Level 2.4 Dodging
 - Level 2.1 Stealth
 + Level 14.2 Unarmed Combat


You had 11 spell levels left.
You didn't know any spells.

Dungeon Overview and Level Annotations

Branches:
Dungeon (12/15)            Temple (1/1) D:6             Orc (0/2) D:9
   Lair: D:8-11

Altars:
Ashenzari
Cheibriados
Dithmenos
Elyvilon
Fedhas
Gozag
Kikubaaqudgha
Makhleb
Nemelex Xobeh
Okawaru
Pakellas
Qazlal
Ru
Sif Muna
Trog
Vehumet
Xom
Yredelemnul
Zin
The Shining One

Shops:
D:8 (   D:11 =


Innate Abilities, Weirdness & Mutations

You are resistant to torment.
Your stone body is resilient (AC +8).
You are immune to poison.
You resist negative energy.
You are resistant to electric shocks.
You can survive without breathing.
You are immune to petrification.
You are immune to rotting.


Message History

Cheibriados thoroughly appreciates the change of pace.
Something hits you.
* * * LOW HITPOINT WARNING * * *
Something hits you but does no damage.
Things that are here:
a giant spiked club; a long sword; an elf corpse You start resting.
Something hits you but does no damage.
You start resting.
Something hits you.
* * * LOW HITPOINT WARNING * * *
Read which item? (? for menu, Esc to quit)
As you read the scroll of teleportation, it crumbles to dust.
You feel strangely unstable. Something hits you but does no damage.
Your surroundings suddenly seem different.
You start resting.
An orc comes into view. It is wielding a club.
A cyclops comes into view.
The cyclops throws a large rock.
The large rock barely misses you.
The cyclops throws a large rock.
The large rock hits you!!
You die...

#...............#
#
#......C#####.(.#
# #.......# #...#
# #.......# #...#
# #.......# #...#
# #.......# #...#
# #...<.>.# #...#
# #.......# #...#
# #.@.....# #...#
# #.......# #.†.#
# #.......# #.).#
# #..)....# #<†.#
# #.......# #.).#
# #.......# #...#
# #.......# #...#
# #.......# #...#
# #.......# #...#
#


You could see a cyclops.

Vanquished Creatures
  Snorg (D:11)
  A skeletal warrior (D:12)
  4 hill giants
  3 ugly things (D:12)
  3 deep elf magi
  A manticore (D:12)
  The ghost of filipzpl the Ruffian, a novice DrTm of Cheibriados (D:7)
  2 centaur skeletons
  A troll (D:11)
  A komodo dragon (D:11)
  A two-headed ogre (D:11)
  Grinder (D:3)
  A shadow (D:11)
  2 wyverns
  3 hippogriffs
  6 yaks (D:9)
  A basilisk (D:12)
  2 hungry ghosts
  The ghost of Uberwunderbarhen the Ducker, an amateur OpFi (D:3)
  2 swamp worms (D:11)
  2 vampire mosquitoes
  A soldier ant (D:12)
  2 ice beasts
  2 orc warriors
  2 eyes of draining
  8 sky beasts
  2 necrophages (D:12)
  4 phantoms
  A black bear (D:11)
  4 ogres
  13 centaurs
  6 giant frogs
  2 gnoll sergeants (D:9)
  A big kobold (D:7)
  4 earth elementals
  7 scorpions
  5 killer bees (D:11)
  3 wights (D:8)
  6 crimson imps
  A centaur zombie (D:10)
  4 hounds
  12 orc priests
  Crazy Yiuf (D:5)
  2 giant frog skeletons
  2 jellies (D:8)
  5 worker ants
  4 iguanas
  16 orc wizards
  A killer bee zombie (D:6)
  A hound zombie (D:6)
  2 hound skeletons (D:7)
  13 gnolls
  Robin (D:3)
  10 adders
  A shadow imp (D:12)
  An ooze (D:2)
  2 adder zombies
  2 adder skeletons
  22 worms
  47 orcs
  10 bats
  4 giant cockroaches
  17 goblins
  7 hobgoblins
  15 jackals
  10 kobolds
  6 quokkas
  A giant cockroach zombie (D:6)
  5 giant geckos
  2 giant newts (D:1)
  A quokka zombie (D:8)
  9 rats
350 creatures vanquished.

Vanquished Creatures (others)
  An orc wizard (D:11)
  3 plants (D:11)
4 creatures vanquished.

Grand Total: 354 creatures vanquished

Notes
Turn   | Place    | Note
--------------------------------------------------------------
     0 | D:1      | JokEr the Gargoyle Monk began the quest for the Orb.
     0 | D:1      | Reached XP level 1. HP: 14/14 MP: 1/1
   138 | D:1      | Reached XP level 2. HP: 12/19 MP: 2/2
   840 | D:1      | Reached XP level 3. HP: 20/24 MP: 3/3
  1515 | D:2      | Reached XP level 4. HP: 26/30 MP: 4/4
  1988 | D:2      | Found an ancient bone altar of Kikubaaqudgha.
  1990 | D:2      | Found an opulent altar of Gozag.
  1990 | D:2      | Found a basalt altar of Yredelemnul.
  1991 | D:2      | Found a shattered altar of Ashenzari.
  1991 | D:2      | Found a burning altar of Makhleb.
  1994 | D:2      | Found a stormy altar of Qazlal.
  2142 | D:3      | Noticed Uberwunderbarhen's ghost (amateur OpFi)
  2185 | D:3      | Killed Uberwunderbarhen's ghost
  2185 | D:3      | Reached skill level 5 in Fighting
  2185 | D:3      | Reached skill level 5 in Unarmed Combat
  2185 | D:3      | Reached XP level 5. HP: 23/35 MP: 5/5
  2378 | D:3      | Reached XP level 6. HP: 37/40 MP: 6/6
  2662 | D:3      | Noticed Grinder
  2681 | D:3      | Killed Grinder
  2681 | D:3      | Reached skill level 6 in Fighting
  2912 | D:3      | Noticed a moth of wrath
  2933 | D:3      | Noticed Robin
  2957 | D:3      | Reached XP level 7. HP: 33/47 MP: 7/7
  2975 | D:3      | Killed Robin
  3178 | D:3      | Found a bloodstained altar of Trog.
  4077 | D:3      | Found a blossoming altar of Fedhas.
  4993 | D:4      | Reached skill level 7 in Fighting
  5605 | D:5      | Entered Level 5 of the Dungeon
  5643 | D:5      | Reached XP level 8. HP: 43/54 MP: 8/8
  5814 | D:5      | Found a shimmering altar of Xom.
  6285 | D:5      | Noticed Crazy Yiuf
  6297 | D:5      | Killed Crazy Yiuf
  6411 | D:6      | Reached skill level 8 in Fighting
  6855 | D:6      | Reached skill level 9 in Fighting
  6934 | D:6      | Found a staircase to the Ecumenical Temple.
  6944 | Temple   | Entered the Ecumenical Temple
  7074 | Temple   | Became a worshipper of Cheibriados the Contemplative
  7074 | Temple   | Reached * piety under Cheibriados
  7074 | Temple   | Reached ** piety under Cheibriados
  7505 | D:7      | Reached XP level 9. HP: 61/61 MP: 9/9
  7676 | D:7      | Noticed filipzpl's ghost (novice DrTm)
  7705 | D:7      | Killed filipzpl's ghost
  7705 | D:7      | Reached skill level 10 in Fighting
  7980 | D:7      | Reached *** piety under Cheibriados
  8420 | D:8      | Found Buodez's Weapon Boutique.
  8553 | D:8      | Reached skill level 10 in Unarmed Combat
  8897 | D:8      | Reached **** piety under Cheibriados
  8941 | D:8      | Reached skill level 11 in Fighting
  8945 | D:8      | Reached XP level 10. HP: 67/69 MP: 10/10
  9635 | D:9      | Found an oddly glowing altar of Pakellas.
  9955 | D:9      | Reached ***** piety under Cheibriados
  9955 | D:9      | Reached skill level 12 in Fighting
 10375 | D:9      | Found a staircase to the Orcish Mines.
 10524 | D:10     | Entered Level 10 of the Dungeon
 11252 | D:11     | Found Puntecs's Jewellery Shoppe.
 11281 | D:11     | Noticed a deep elf mage
 11515 | D:11     | Killed a deep elf mage
 11515 | D:11     | Reached XP level 11. HP: 68/77 MP: 11/11
 11703 | D:11     | Reached skill level 13 in Fighting
 11835 | D:11     | Noticed a hill giant
 11845 | D:11     | Killed a hill giant
 11868 | D:11     | Noticed a hill giant
 11878 | D:11     | Killed a hill giant
 12284 | D:11     | Identified the Guide on the Compass
 12508 | D:11     | d
 13166 | D:11     | Reached skill level 14 in Fighting
 13214 | D:12     | Reached ****** piety under Cheibriados
 13250 | D:12     | Noticed Snorg
 13353 | D:11     | Noticed a hill giant
 13363 | D:11     | Killed a hill giant
 13565 | D:11     | HP: 4/80 [Snorg (6)]
 13567 | D:11     | Killed Snorg
 13567 | D:11     | Reached XP level 12. HP: 5/86 MP: 12/12
 14356 | D:12     | Reached skill level 15 in Fighting
 14446 | D:12     | Hit by a large rock thrown by a cyclops

Vault maps used:
D:1:      mrwooster_arrival_statue_2, nrook_loot_triangle, grunt_decor_fettered,
          serial_bayou_lagoon_b
D:2:      minitemple, kennysheep_cluttered_room, serial_bayou_pond_b
D:3:      lemuel_coloured_pillars_altar, tgw_trog, uniq_grinder, uniq_robin
D:5:      first_bread, xom_redecorated, uniq_crazy_yiuf_cottage
D:6:      minmay_temple_entry_large_hall
D:8:      serial_shops, shop
D:9:      grunt_pakellas_mercury, orc_0_dummy
D:10:     minmay_stone_box, david_lair_generic
D:11:     serial_shops, shop, grunt_ogre_cave, worms_lemuel
D:12:     minmay_imperfect_grid, uniq_snorg
Temple:   oiseaux_autumnal_temple_12

Action                   |  1- 3 |  4- 6 |  7- 9 | 10-12 || total
-------------------------+-------+-------+-------+-------++-------
Melee: Unarmed           |   125 |   150 |   622 |   627 ||  1524
  Use: Scroll            |     1 |     5 |    10 |     9 ||    25
       Potion            |       |       |       |    19 ||    19
 Stab: Distracted        |     2 |     1 |       |       ||     3
       Sleeping          |     2 |       |     3 |       ||     5
  Eat: Chunk             |     2 |     4 |     6 |     6 ||    18
       Fruit             |       |       |     3 |     1 ||     4
       Bread ration      |       |       |     2 |     1 ||     3
       Royal jelly       |       |       |       |     1 ||     1
